 Dungeon Crawl Stone Soup version 0.32-a0-938-g40ac7a0 (webtiles) character file.

Game seed: 9621895545714420790

67893 DANddo the Fighter (level 14, -4/126 HPs)
             Began as a Pale Draconian Shapeshifter on Apr 22, 2024.
             Was a High Priest of Wu Jian.
             Killed from afar by Lodul (17 damage)
             ... with a bolt of lightning
             ... on level 12 of the Dungeon.
             The game lasted 00:37:48 (22438 turns).

DANddo the Fighter (Pale Draconian Shapeshifter)   Turns: 22438, Time: 00:37:49

Health: -4/126     AC: 11    Str: 23    XL:     14   Next: 84%
Magic:  18/21      EV: 18    Int: 15    God:    Wu Jian [*****.]
Gold:   911        SH:  0    Dex: 11    Spells: 13/23 levels left

rFire   . .          .
                       - Unarmed
rCold   . . .        (shield currently unavailable)
rNeg    . . .        (body armour unavailable)
rPois   .            D - +1 hat
rElec   .            e - +0 cloak {Will+}
rCorr   .            o - melded +2 pair of gloves
SInv    .            v - +0 pair of boots
Will    ++...        a - amulet of the acrobat
Stlth   +++          C - +6 ring of strength
HPRegen 0.41/turn    u - +5 ring of evasion
MPRegen 0.17/turn

%: acrobat
@: exhausted, about to teleport, blade hands, inugami summoned
A: steam breath, AC +8, unfitting armour, cold-blooded, steam resistance
a: Steam Breath, Begin Untransformation, Renounce Religion, Wall Jump, Serpent's
Lash, Heavenly Storm


You were on level 12 of the Dungeon.
You worshipped Wu Jian.
Wu Jian was extremely pleased with you.
You had blades for hands.
You visited 4 branches of the dungeon, and saw 20 of its levels.
You also visited: Sewer.

You collected 2069 gold pieces.
You spent 1158 gold pieces at shops.

Inventory:

Armour
 e - a +0 cloak of willpower (worn)
 o - a +2 pair of gloves (melded)
 v - a +0 pair of boots (worn)
 D - a +1 hat (worn)
Jewellery
 a - an amulet of the acrobat (around neck)
 u - a +5 ring of evasion (right blade hand)
 C - a +6 ring of strength (left blade hand)
Talismans
 x - a blade talisman (active)
Wands
 c - a wand of warping (14)
 y - a wand of acid (1)
 A - a wand of digging (9)
 E - a wand of paralysis (7)
 G - a wand of polymorph (4)
Scrolls
 f - 4 scrolls of amnesia
 g - 2 scrolls of revelation
 i - 5 scrolls of poison
 j - a scroll of enchant armour
 k - 7 scrolls of teleportation
 p - 2 scrolls of identify
 q - 3 scrolls of silence
 H - a scroll of fear
 I - a scroll of fog
Potions
 b - a potion of ambrosia
 d - 6 potions of enlightenment
 h - a potion of might
 l - 6 potions of curing
 m - 4 potions of attraction
 n - a potion of heal wounds
 r - 2 potions of lignification
 s - 2 potions of haste
 t - a potion of magic
 w - 5 potions of mutation
 z - 2 potions of brilliance
 B - a potion of invisibility


   Skills:
 - Level 12.0 Fighting
 - Level 8.0 Dodging
 - Level 5.0 Stealth
 - Level 10.0 Unarmed Combat
 - Level 5.0 Spellcasting
 + Level 2.6 Conjurations
 - Level 8.0 Summonings
 - Level 10.0 Air Magic
 + Level 2.4 Alchemy
 + Level 9.8 Evocations
 - Level 12.0 Shapeshifting


You had 13 spell levels left.
You knew the following spells:

 Your Spells              Type           Power      Damage    Failure   Level
a - Call Canine Familiar  Summ           27%        N/A       1%          3
b - Summon Lightning Spi  Summ/Air       30%        N/A       4%          4
c - Mephitic Cloud        Conj/Alch/Air  18%        N/A       6%          3

Your spell library contained the following spells:

 Spells                   Type           Power      Damage    Failure   Level
 Shock                    Conj/Air       88%        1d8       1%          1
 Summon Small Mammal      Summ           100%       N/A       1%          1
 Swiftness                Air            33%        N/A       1%          3
 Airstrike                Air            16%        2d(3-19)  2%          4
 Foxfire                  Conj/Fire      28%        2x1d5     10%         1
 Dazzling Flash           Conj/Hex       14%        N/A       28%         3
 Summon Blazeheart Golem  Fire/Summ      15%        N/A       30%         4
 Sigil of Binding         Hex            3%         N/A       43%         3
 Silence                  Hex/Air        9%         N/A       50%         5
 Cause Fear               Hex            1%         N/A       85%         4
 Dimensional Bullseye     Hex/Tloc       1%         N/A       85%         4
 Fireball                 Conj/Fire      3%         3d4       95%         5
 Plasma Beam              Fire/Air       9%         2x1d19    97%         6
 Curse of Agony           Necr           3%         N/A       99%         5
 Lee's Rapid Deconstruct  Erth           1%         3d4*      99%         5
 Starburst                Conj/Fire      3%         6d3       100%        6
 Dragon's Call            Summ           13%        N/A       100%        9
 Animate Armour           Summ/Erth      Unusable   N/A       N/A         4

Dungeon Overview and Level Annotations

Branches:
Dungeon (12/15)            Temple (1/1) D:4            Lair (5/5) D:11
 Shoals (0/4) Lair:2        Snake (0/4) Lair:3        Slime (0/5) Lair:5
    Orc (2/2) D:9             Elf (0/3) Orc:2         Sewer (visited)

Altars:
Ashenzari
Cheibriados
Dithmenos
Elyvilon
Fedhas
Gozag
Hepliaklqana
Kikubaaqudgha
Makhleb
Nemelex Xobeh
Okawaru
Qazlal
Ru
Sif Muna
Trog
Uskayaw
Vehumet
Wu Jian
Xom
Yredelemnul
Zin
The Shining One
Beogh
Jiyva

Shops:
Orc:2 **?*=

Annotations:
D:9 2 transporters
D:12 Lodul


Innate Abilities, Weirdness & Mutations

You have blades for hands.
You are incapable of wielding weapons or throwing items.
You can breathe blasts of scalding, opaque steam.
Your pale cyan-grey scales are hard. (AC +8)
You cannot fit into any form of body armour.
You are cold-blooded and may be slowed by cold attacks.
You are immune to the effects of steam.


Message History

The barbed spikes dig painfully into your body as you move.
* * * LOW HITPOINT WARNING * * *
The centaur warrior completely misses your butterfly.
The centaur warrior misses your butterfly.
The hornet simulacrum completely misses you.
The centaur warrior hits your butterfly!
Your butterfly dies!
Your butterfly disappears in a burst of colours!
Unknown command.
You swap places.
The barbed spikes dig painfully into your body as you move.
* * * LOW HITPOINT WARNING * * *
The barbed spikes snap loose.
You spin and attack the hornet simulacrum.
You barely miss the hornet simulacrum.
You tail-slap the hornet simulacrum, but do no damage.
The hornet simulacrum closely misses you.
Something hits your butterfly!
Your butterfly dies!
Your butterfly disappears in a burst of colours!
The centaur warrior hits your butterfly.
Your butterfly dies!
Your butterfly disappears in a burst of colours!
The hornet simulacrum hits you but does no damage.
Unknown command.
You swap places.
You spin and attack the hornet simulacrum.
You slice the hornet simulacrum!!
The hornet simulacrum vaporises!
The Council accepts your kill.
Your butterfly is engulfed in freezing vapours.
Your butterfly dies!
Your butterfly disappears in a burst of colours!
The centaur warrior completely misses your butterfly.
The centaur warrior kicks your butterfly.
Your butterfly dies!
Your butterfly disappears in a burst of colours!
Electricity crackles from Lodul's apparatus.
The bolt of lightning hits you!
You die...

#########......#####
...................)
........b(...#....##
..###bßb####........
###....h..#######..#
#.b#§bbb.#..# ##.#
.##.#bb[#b##..# #..
#..###b#b#)#b#O###..###.
......b@b..b)cO)...O. #.
...#.###○#.#b###.#.O. ##
#.##.##.# .O# # #.. #.#
..# #.# #.# ... #.# #O
#. ... .# .. ##.## .. ..
#.# ..


You could see Lodul, a centaur warrior, an ogre and a friendly inugami
(summoned).

Vanquished Creatures
  Snorg (D:10)
  4 hydras
  3 ogre magi
  A catoblepas (Lair:3)
  14 two-headed ogres
  Erica (D:8)
  A boulder beetle (Lair:2)
  A tengu warrior (D:12)
  Urug (Lair:5)
  Nergalle (Orc:1)
  Amaemon (D:8)
  2 skysharks (Lair:4)
  2 deep trolls (Orc:2)
  2 orc knights
  A wolf spider (Lair:5)
  A phantasmal warrior (D:12)
  4 cyclopes
  Maurice (D:8)
  A salamander (Lair:3)
  3 manticores (D:12)
  2 merfolk sirens (Lair:2)
  5 elephants (Lair:4)
  An ice statue (Lair:5)
  5 black mambas
  2 kobold blastminers (Orc:1)
  An orange demon (D:8)
  8 cane toads
  10 komodo dragons
  A rime drake (Lair:2)
  A freezing wraith (Lair:5)
  13 trolls
  A polar bear (Lair:2)
  2 merfolk (Lair:2)
  4 hornets
  4 blink frogs (Lair:4)
  4 dream sheep
  11 wyverns
  A wraith (D:9)
  3 basilisks
  45 yaks
  4 redbacks (Lair:5)
  7 vampire mosquitoes (D:11)
  Menkaure (D:5)
  A two-headed ogre zombie (D:9)
  Edmund (D:5)
  18 water moccasins
  2 acid dragons
  Duvessa (D:5)
  A swamp drake (Lair:3)
  A sky beast (D:6)
  13 orc warriors
  6 ice beasts
  21 ogres
  2 black bears
  3 centaurs (D:8)
  4 phantoms
  3 kobold brigands
  13 bullfrogs
  3 gnoll sergeants
  7 scorpions
  A hornet simulacrum (D:12)
  Dowan (D:5)
  3 troll zombies (D:9)
  9 killer bees
  5 howler monkeys
  A bombardier beetle (D:3)
  8 jellies
  10 orc priests
  A sleepcap (D:8)
  2 hounds
  A gnoll bouda (D:8)
  7 iguanas
  14 orc wizards
  4 hell rats (Lair:2)
  4 ogre zombies (D:9)
  23 gnolls
  11 adders
  A river rat (Sewer)
  4 white imps
  4 dart slugs
  2 ribbon worms (D:3)
  46 orcs
  8 endoplasms
  3 giant cockroaches
  12 goblins
  7 hobgoblins
  5 jackals
  20 kobolds
  4 quokkas
  6 ball pythons
  4 bats
  14 frilled lizards
  3 gnoll skeletons (D:9)
  6 orc skeletons (D:9)
  16 orc zombies (D:9)
  10 rats
562 creatures vanquished.

Vanquished Creatures (collateral kills)
  A two-headed ogre (Orc:2)
  A cyclops (Orc:2)
  A guardian serpent (Lair:5)
  2 cane toads
  A black mamba (Lair:3)
  A troll (Orc:2)
  A polar bear (Lair:5)
  A hornet (Lair:5)
  4 blink frogs (Lair:4)
  A dream sheep (Lair:2)
  A wyvern (Lair:5)
  12 yaks
  2 basilisks
  3 water moccasins
  An ice beast (Lair:5)
  An ogre (Orc:2)
  2 lava snakes (Lair:3)
  5 jellies (Lair:5)
  2 orc priests (Orc:2)
  A hell rat (Lair:2)
  5 orcs
49 creatures vanquished.

Vanquished Creatures (others)
  An orc wizard (D:7)
1 creature vanquished.

Grand Total: 612 creatures vanquished

Notes
Turn   | Place    | Note
-------+----------+-------------------------------------------
     0 | D:1      | DANddo the Draconian Shapeshifter began the quest for the
                  | Orb.
     0 | D:1      | Reached XP level 1. HP: 16/16 MP: 1/1
    47 | D:1      | Reached XP level 2. HP: 21/23 MP: 2/2
   180 | D:1      | Reached XP level 3. HP: 24/29 MP: 3/3
  1246 | D:2      | Reached XP level 4. HP: 36/36 MP: 4/4
  2096 | D:2      | Reached XP level 5. HP: 31/44 MP: 5/5
  2433 | D:4      | Reached XP level 6. HP: 30/51 MP: 6/6
  2574 | D:4      | Found a staircase to the Ecumenical Temple.
  2600 | Temple   | Entered the Ecumenical Temple
  2623 | Temple   | Became a worshipper of the Wu Jian Council
  2802 | D:4      | Your scales start taking on a pale cyan-grey colour.
  2802 | D:4      | Reached XP level 7. HP: 41/60 MP: 7/7
  2802 | D:4      | Gained mutation: You are immune to the effects of steam.
                  | [Pale Draconian growth]
  2804 | D:4      | Reached skill level 5 in Unarmed Combat
  3213 | D:5      | Entered Level 5 of the Dungeon
  3273 | D:5      | Noticed Menkaure
  3285 | D:5      | Killed Menkaure
  3286 | D:5      | Reached skill level 1 in Evocations
  3286 | D:5      | Reached skill level 5 in Shapeshifting
  3291 | D:5      | Reached skill level 5 in Fighting
  3344 | D:5      | Noticed Duvessa
  3344 | D:5      | Noticed Dowan
  3348 | D:5      | Killed Dowan
  3362 | D:5      | Killed Duvessa
  3362 | D:5      | Reached * piety under Wu Jian
  3464 | D:5      | Reached XP level 8. HP: 19/68 MP: 8/8
  3690 | D:5      | Found a shimmering altar of Xom.
  3733 | D:5      | Found a bloodstained altar of Trog.
  3733 | D:5      | Found a broken altar of Ashenzari.
  3734 | D:5      | Found a glowing golden altar of the Shining One.
  3749 | D:5      | Found a sacrificial altar of Ru.
  4236 | D:5      | Noticed Edmund
  4247 | D:5      | Killed Edmund
  4570 | D:6      | Reached skill level 5 in Evocations
  4685 | D:6      | Reached skill level 1 in Stealth
  5083 | D:6      | Reached XP level 9. HP: 74/74 MP: 9/9
  5113 | D:6      | Found a glowing drain.
  5117 | Sewer    | Entered a sewer
  5133 | Sewer    | Reached ** piety under Wu Jian
  5139 | Sewer    | Learned a level 4 spell: Summon Lightning Spire
  5232 | Sewer    | Found a glowing silver altar of Zin.
  5448 | D:6      | Identified the +1 chain mail of Zin's Whim {+Blink rPois
                  | Str+3}
  5697 | D:7      | Paralysed by a hornet for 3 turns
  5702 | D:7      | Reached skill level 1 in Air Magic
  5817 | D:7      | Reached skill level 1 in Summonings
  5838 | D:7      | Found a shadowy altar of Dithmenos.
  5887 | D:7      | Found a blossoming altar of Fedhas.
  5924 | D:7      | Reached skill level 1 in Spellcasting
  6486 | D:7      | Noticed a cyclops
  6494 | D:7      | Killed a cyclops
  7034 | D:8      | Reached XP level 10. HP: 66/84 MP: 13/13
  7065 | D:8      | Noticed Maurice
  7078 | D:8      | Maurice stole a blade talisman
  7081 | D:8      | Killed Maurice
  7210 | D:8      | Reached *** piety under Wu Jian
  7372 | D:8      | Found a glowing silver altar of Zin.
  7403 | D:8      | Noticed Amaemon
  7403 | D:8      | Noticed an orange demon
  7412 | D:8      | Killed an orange demon
  7413 | D:8      | Reached skill level 5 in Dodging
  7416 | D:8      | Killed Amaemon
  7614 | D:8      | Noticed Erica
  7624 | D:8      | Killed Erica
  7930 | D:9      | Found a staircase to the Orcish Mines.
  8498 | D:9      | Noticed a two-headed ogre
  8517 | D:9      | Killed a two-headed ogre
  8518 | D:9      | Reached skill level 5 in Air Magic
  8518 | D:9      | Reached XP level 11. HP: 57/94 MP: 14/16
  8525 | D:9      | Reached **** piety under Wu Jian
  8981 | D:9      | Found a transporter.
  9032 | D:9      | Noticed a two-headed ogre
  9039 | D:9      | Killed a two-headed ogre
  9039 | D:9      | Reached skill level 5 in Summonings
  9153 | D:9      | Found a transporter.
  9153 | D:9      | Noticed a boulder beetle
  9548 | D:10     | Entered Level 10 of the Dungeon
  9772 | D:10     | Noticed Snorg
  9785 | D:10     | HP: 3/94 [Snorg (6)]
  9802 | D:10     | Killed Snorg
 10796 | D:11     | Reached skill level 5 in Spellcasting
 11014 | D:11     | Reached ***** piety under Wu Jian
 11220 | D:11     | Found a staircase to the Lair.
 11220 | D:11     | Noticed a two-headed ogre
 11231 | D:11     | Killed a two-headed ogre
 11243 | D:11     | Noticed a two-headed ogre
 11249 | D:11     | Killed a two-headed ogre
 11308 | D:11     | Noticed a two-headed ogre
 11319 | D:11     | Killed a two-headed ogre
 11320 | D:11     | Reached XP level 12. HP: 103/103 MP: 15/19
 11692 | Lair:1   | Entered Level 1 of the Lair of Beasts
 12821 | Lair:2   | Learned a level 3 spell: Call Canine Familiar
 12859 | Lair:2   | Noticed a seven-headed hydra
 12866 | Lair:2   | Killed a seven-headed hydra
 13253 | Lair:2   | Noticed a boulder beetle
 13286 | Lair:2   | Killed a boulder beetle
 13437 | Lair:2   | Noticed an eight-headed hydra
 13450 | Lair:2   | Killed an eight-headed hydra
 13749 | Lair:2   | Paralysed by a hornet for 3 turns
 13837 | Lair:2   | Found a staircase to the Shoals.
 13995 | Lair:2   | Reached skill level 10 in Shapeshifting
 14195 | Lair:3   | Reached skill level 10 in Fighting
 14653 | Lair:2   | Reached skill level 10 in Air Magic
 15174 | Lair:3   | Found a staircase to the Snake Pit.
 15296 | Lair:3   | Noticed a catoblepas
 15302 | Lair:3   | Reached XP level 13. HP: 113/113 MP: 12/20
 16463 | Lair:4   | You fall into a shaft and drop 1 floor!
 16463 | Lair:5   | Entered Level 5 of the Lair of Beasts
 17293 | Lair:5   | Reached skill level 5 in Stealth
 17490 | Lair:5   | Paralysed by a hornet for 1 turns
 17628 | Lair:5   | Noticed Urug
 17650 | Lair:5   | Killed Urug
 18602 | Lair:5   | Reached XP level 14. HP: 124/124 MP: 21/21
 18652 | Lair:5   | Identified the +0 plate armour of Duck's Teeth {Fly SInv}
 18729 | Lair:5   | Found a staircase to the Slime Pits.
 18732 | Lair:5   | Found a viscous altar of Jiyva.
 19428 | Orc:1    | Entered Level 1 of the Orcish Mines
 19428 | Orc:1    | Noticed Nergalle
 19528 | Orc:1    | Killed Nergalle
 20262 | Orc:2    | Entered Level 2 of the Orcish Mines
 20697 | Orc:2    | Found a roughly hewn altar of Beogh.
 20967 | Orc:2    | Found Okhipp's Jewellery Boutique.
 20980 | Orc:2    | Found Coilat's General Store.
 20990 | Orc:2    | Reached skill level 10 in Unarmed Combat
 21631 | Orc:2    | Found Tammyp's Magic Scroll Shop.
 21669 | Orc:2    | Found Viczeimu's General Store.
 21670 | Orc:2    | Found Hir Vues's Assorted Antiques.
 21672 | Orc:2    | Found a staircase to the Elven Halls.
 21952 | Orc:2    | Bought a scroll of butterflies for 56 gold pieces
 21952 | Orc:2    | Bought a scroll of fear for 56 gold pieces
 21958 | Orc:2    | Bought a scroll of teleportation for 75 gold pieces
 21958 | Orc:2    | Bought a potion of mutation for 200 gold pieces
 21963 | Orc:2    | Bought a potion of curing for 51 gold pieces
 22059 | Orc:2    | Bought a book of the Senses for 720 gold pieces
 22063 | Orc:2    | Learned a level 3 spell: Mephitic Cloud
 22326 | D:12     | Reached skill level 1 in Conjurations
 22326 | D:12     | Reached skill level 1 in Alchemy
 22422 | D:12     | Noticed Lodul
 22438 | D:12     | Killed from afar by Lodul

Illustrated notes

Levels and vault maps discovered:
D:1:      onia_arrival_pentagram, layout_rooms, item_on_display_a
D:2:      layout_loops_corners
D:3:      layout_basic, minmay_lizard_king
D:4:      layout_loops_ring, minmay_temple_entry_purple_smoke
D:5:      layout_basic, hangedman_ru_absence,
          chequers_temple_overflow_statue_of_worship, grunt_decor_arrowhead,
          uniq_menkaure, uniq_duvessa, uniq_edmund
D:6:      layout_loops_ring, mainiacjoe_sewer_entry_somewhere_in_here_2
D:7:      layout_loops_ring, nicolae_dithmenos_the_darkroom,
          nicolae_overflow_hidden_temple
D:8:      layout_basic, mainiacjoe_overflow_small_starburst,
          kennysheep_generic_room_6, uniq_erica, uniq_amaemon, uniq_maurice
D:9:      gammafunk_boulding_lane, layout_cross, zombieorc2_lemuel,
          enter_bailey_5
D:10:     layout_roguey, uniq_snorg
D:11:     layout_rooms, due_lair_maze_entry_diamond
D:12:     minmay_complete_graph, layout_basic, uniq_lodul
Temple:   nicolae_temple_bog_church
Lair:1:   layout_cave_pods, infiniplex_staircase_pool
Lair:2:   layout_chaotic_city, elwin_shoals_entry_stream,
          dreamdust_mushroom_princess, serial_bayou_pond_d, minivault_23,
          hangedman_lair_unloving_vines, nzn_sisyphean_effort
Lair:3:   layout_big_grid, nicolae_snake_entry_warm_welcome,
          serial_bayou_shore_a, grunt_megastairs_4
Lair:4:   beargit_carnivore_pack, layout_cave_pods
Lair:5:   wormcave, layout_loops_ring, hangedman_lair_tendril_chambers,
          minmay_slime_entry_jelly_boxes, ice2_lemuel, uniq_urug
Orc:1:    layout_caves, nicolae_orc_sculptors_studio, uniq_nergalle
Orc:2:    st_orc_open, layout_caves, basic_altar, serial_shops, shop,
          statue_in_the_mist_lemuel

Skill      XL: |  1  2  3  4  5  6  7  8  9 10 11 12 13 14 |
---------------+-------------------------------------------+-----
Dodging        | 2 3 4 5 6 8 |  8.0
Fighting       | 2 3 4 5 6 7 8 10 11 12 | 12.0
Unarmed Combat | 4 5 6 7 8 9 10 | 10.0
Shapeshifting  | 4 5 7 8 9 10 11 12 | 12.0
Evocations     | 3 5 7 9 |  9.8
Stealth        | 1 3 5 |  5.0
Air Magic      | 2 5 8 10 | 10.0
Summonings     | 2 4 6 8 |  8.0
Spellcasting   | 2 3 5 |  5.0
Conjurations   | 2 |  2.6
Alchemy        | 2 |  2.4

Action                     |  1- 3 |  4- 6 |  7- 9 | 10-12 | 13-15 || total
---------------------------+-------+-------+-------+-------+-------++-------
  Melee: Unarmed           |    99 |   212 |   333 |   784 |   605 ||  2033
         Tailslap          |    13 |    24 |    53 |   157 |    95 ||   342
         Punch             |     2 |     1 |       |       |    34 ||    37
   Cast: Summon Lightning  |       |       |       |    32 |    45 ||    77
         Call Canine Famil |       |       |       |    12 |    22 ||    34
 Invoke: Serpent's Lash    |       |       |       |     8 |    12 ||    20
         Heavenly Storm    |       |       |       |       |     1 ||     1
Ability: Lunge             |       |     2 |    22 |    37 |    41 ||   102
         Steam Breath      |       |       |     7 |    10 |     5 ||    22
         Whirlwind         |       |       |     1 |    50 |   132 ||   183
         Wall Jump         |       |       |       |     6 |     1 ||     7
  Evoke: Wand              |       |       |       |    12 |     4 ||    16
    Use: Scroll            |     1 |     1 |     2 |    17 |     7 ||    28
         Potion            |       |       |     1 |     5 |     8 ||    14
   Stab: Sleeping          |       |     2 |       |       |     1 ||     3
         Paralysed         |       |       |       |    12 |       ||    12
         Distracted        |       |       |       |    10 |     5 ||    15
 Armour: Skin              |    59 |    93 |   150 |   388 |   250 ||   940
  Dodge: Dodged            |    67 |   135 |   203 |   679 |   482 ||  1566
   Form: Flux              |       |     1 |       |       |       ||     1
         Blade             |       |       |       |       |     1 ||     1

Table legend: (Time is in decaauts)
 A = Elapsed time spent in this place.
 B = Non-inter-level travel time spent in this place.
 C = Inter-level travel time spent in this place.
 D = Time resting spent in this place.
 E = Time spent auto-exploring this place.
 F = Levels seen in this place.
 G = Mean time per level.
                   A        B        C        D        E       F      G
               +--------+--------+--------+--------+--------+-----+--------+
         Total |  22299 |  21217 |   1082 |   4461 |  13259 |  21 | 1061.9 |
       Dungeon |  12366 |  11791 |    575 |   2402 |   7397 |  12 | 1030.5 |
        Temple |     28 |     23 |      5 |      0 |      0 |   1 |   28.0 |
          Lair |   7611 |   7332 |    279 |   1630 |   4663 |   5 | 1522.2 |
  Orcish Mines |   2045 |   1823 |    222 |    428 |   1061 |   2 | 1022.5 |
         Sewer |    247 |    247 |      0 |      0 |    137 |   1 |  247.0 |
               +--------+--------+--------+--------+--------+-----+--------+

Top non-repeatable levels by time:
  Lair:2: 2033 daAuts
  Lair:5: 2027 daAuts
  Lair:4: 1708 daAuts
     D:9: 1689 daAuts
     D:8: 1639 daAuts
     D:5: 1284 daAuts
   Orc:2: 1279 daAuts
     D:7: 1222 daAuts
    D:10: 1184 daAuts
  Lair:1: 1003 daAuts
    D:11: 998 daAuts
     D:2: 976 daAuts
     D:6: 915 daAuts
     D:3: 864 daAuts
  Lair:3: 839 daAuts
